 Dungeon Crawl Stone Soup version 0.29-a0-284-gf9362112df (webtiles) character file.

Game seed: 10397566734571601856

430 enile the Digger (level 6, 0/37 HPs)
             Began as a Gargoyle Earth Elementalist on Mar 23, 2022.
             Was a Follower of Vehumet.
             Slain by a river rat (7 damage)
             ... summoned by Eustachio
             ... on level 4 of the Dungeon.
             The game lasted 00:07:01 (4198 turns).

enile the Digger (Gargoyle Earth Elementalist)      Turns: 4198, Time: 00:07:01

Health: 0/37       AC:  6    Str: 12    XL:     6   Next: 99%
Magic:  5/11       EV: 12    Int: 17    God:    Vehumet [*.....]
Gold:   222        SH:  0    Dex: 10    Spells: 8/12 levels left

rFire   + . .      SeeInvis .   e - +1 falchion
rCold   x . .      Faith    .   (no shield)
rNeg    + . .      Spirit   .   b - +0 robe
rPois   ∞          Reflect  .   (no helmet)
rElec   +          Harm     .   (no cloak)
rCorr   .          Rampage  .   (no gloves)
Will    .....                   (no boots)
Stlth   ++........              (no amulet)
HPRegen 0.12/turn               o - ring of fire
MPRegen 0.12/turn               (no ring)

@: no status effects
A: sickness immunity, AC +4, negative energy resistance 1, electricity
resistance, torment resistance 1, petrification resistance
a: Renounce Religion


You were on level 4 of the Dungeon.
You worshipped Vehumet.
Vehumet was aware of your devotion.
You visited 1 branch of the dungeon, and saw 4 of its levels.
You also visited: Sewer.

You collected 222 gold pieces.

Inventory:

Hand Weapons
 e - a +1 falchion (weapon)
 i - a +0 hunting sling
Missiles
 a - 63 stones
Armour
 b - a +0 robe (worn)
Jewellery
 o - a ring of fire (left hand)
Scrolls
 f - 2 scrolls of blinking
 h - a scroll of torment
 m - a scroll of amnesia
 n - a scroll of vulnerability
 p - a scroll of brand weapon
Potions
 c - a potion of magic
 g - a potion of lignification {unknown}
 j - a potion of resistance {unknown}
 k - 3 potions of curing {unknown}
 l - a potion of might
 q - a potion of flight {unknown}
 r - a potion of brilliance {unknown}


   Skills:
 - Level 3.0 Fighting
 - Level 2.9 Dodging
 - Level 2.1 Stealth
 + Level 3.9 Spellcasting
 - Level 0.7 Transmutations
 - Level 6.0 Earth Magic


You had 8 spell levels left.
You knew the following spells:

 Your Spells              Type           Power      Damage    Failure   Level
a - Sandblast             Erth           46%        2d11      1%          1
b - Stone Arrow           Conj/Erth      26%        3d8       14%         3

Your spell library contained the following spells:

 Spells                   Type           Power      Damage    Failure   Level
 Shock                    Conj/Air       12%        1d3       16%         1
 Passwall                 Tmut/Erth      11%        N/A       6%          2
 Petrify                  Tmut/Erth      14%        N/A       36%         4
 Gell's Gravitas          Tloc           3%         N/A       43%         3
 Lesser Beckoning         Tloc           3%         N/A       43%         3
 Teleport Other           Tloc           3%         N/A       43%         3
 Ice Form                 Ice/Tmut       4%         N/A       80%         4
 Hailstorm                Conj/Ice       3%         3d3       85%         4
 Simulacrum               Ice/Necr       1%         N/A       100%        6


Dungeon Overview and Level Annotations

Branches:
Dungeon (4/15)              Sewer (visited)
 Temple: D:4-7

Altars:
Ashenzari
Okawaru
Vehumet

Annotations:
D:4 Eustachio


Innate Abilities, Weirdness & Mutations

You are immune to sickness and miasma.
Your stone body is resilient. (AC +4)
You are immune to poison.
You resist negative energy. (rN+)
You are resistant to electric shocks. (rElec)
You are resistant to unholy torment.
You are immune to petrification.


Message History

Okay, then.
As you read the scroll of identify, it crumbles to dust.
h - a scroll of torment Your magical contamination has completely faded away.
Press: ? - help, v - describe, . - travel
Here: Eustachio, wielding a +4 rapier of speed and wearing a +0 leather armour (heavily wounded, strong)
The floor.
Eustachio casts a spell.
Things that are here:
a +0 halberd; a gnoll corpse
There is an open door here.
An orc wizard comes into view. It is wielding a +3 dagger.
The orc wizard shouts!
A goblin comes into view. It is wielding a +0 dagger.
An orc comes into view. It is wielding a +0 hand axe.
As you read the scroll labelled SAB PAX DIKI, it crumbles to dust.
It is a scroll of enchant weapon.
Your +0 falchion glows red for a moment.
The ufetubus hits you but does no damage.
The ufetubus closely misses you.
Okay, then.
Blink to where?
Press: ? - help, Dir - move target
As you read the scroll of blinking, it crumbles to dust.
The iron imp disappears in a puff of smoke!
Eustachio screams, "At last I'll have my revenge!"
Eustachio casts a spell.
The ufetubus disappears in a puff of smoke!
Eustachio casts a spell.
The crimson imp blinks!
The river rat twitches its whiskers.
There is an open door here.
The orc wizard gestures at you while chanting.
The puff of flame hits you but does no damage.
You resist.
Eustachio gestures wildly while chanting.
Eustachio blinks!
The crimson imp hits you but does no damage.
The river rat attacks as you move away! The river rat bites you!
You die...

#.......................
#..'.5....#.#.#.#.+.....
#..#............§.#.....
#..#......#.#.#.#.......
#..####o#...............
#.........#.#.#.#.')....
#.................#.....
#....55...#.#.#.#.#.....
#.....r@.......)..#.....
#..#######.....#..#.....
#..# ........#))#####+
#### ......@.##5##....
........#..##....
........'........
.......5#........
.......@######...
.............#...


You could see an orc wizard, a crimson imp (summoned), a river rat (summoned)
and a shadow imp (summoned).

Vanquished Creatures
  A scorpion (D:4)
  A bullfrog (Sewer)
  2 necrophages
  An orc priest (D:4)
  4 gnolls (D:4)
  4 adders
  A river rat (D:4)
  3 worms
  3 orcs (D:4)
  3 bats
  3 endoplasms
  11 giant cockroaches
  5 goblins
  7 hobgoblins
  3 jackals (D:4)
  2 kobolds
  4 quokkas
  4 ball pythons
  7 frilled lizards (Sewer)
  9 rats
78 creatures vanquished.

Notes
Turn   | Place    | Note
-------+----------+-------------------------------------------
     0 | D:1      | enile the Gargoyle Earth Elementalist began the quest for
                  | the Orb.
     0 | D:1      | Reached XP level 1. HP: 10/10 MP: 3/3
   119 | D:1      | Reached skill level 1 in Fighting
   315 | D:1      | Reached XP level 2. HP: 17/17 MP: 3/5
  1495 | D:2      | Reached XP level 3. HP: 22/22 MP: 6/6
  1813 | D:2      | Noticed a necrophage
  1818 | D:2      | Killed a necrophage
  1819 | D:2      | Reached XP level 4. HP: 27/28 MP: 3/7
  2184 | D:3      | Found a radiant altar of Vehumet.
  2215 | D:3      | Reached skill level 4 in Earth Magic
  2431 | D:3      | Found a faded altar of an unknown god.
  2433 | D:3      | Noticed a shining eye
  2433 | D:3      | Noticed a great orb of eyes
  2434 | D:3      | Noticed a shining eye
  2434 | D:3      | Noticed a golden eye
  2728 | D:3      | Became a worshipper of Vehumet
  2777 | D:4      | Noticed a scorpion
  2777 | D:4      | Noticed a necrophage
  2790 | D:4      | Noticed Eustachio
  2899 | D:3      | Killed a necrophage
  2900 | D:3      | Reached skill level 5 in Earth Magic
  2900 | D:3      | Reached XP level 5. HP: 17/32 MP: 3/8
  2960 | D:4      | Found a glowing drain.
  2981 | Sewer    | Entered a sewer
  3396 | Sewer    | Reached XP level 6. HP: 37/37 MP: 5/9
  3507 | Sewer    | Reached skill level 6 in Earth Magic
  3759 | D:4      | Found a broken altar of Ashenzari.
  3771 | D:4      | Found an iron altar of Okawaru.
  3929 | D:4      | Learned a level 3 spell: Stone Arrow
  4042 | D:4      | Reached * piety under Vehumet
  4042 | D:4      | Offered knowledge of Shock by Vehumet.
  4198 | D:4      | Slain by a river rat

Illustrated notes

Levels and vault maps discovered:
D:1:      dpeg_arrival_pits, layout_basic, serial_forest,
          infiniplex_forest_straight_2, infiniplex_forest_lined_3,
          infiniplex_forest_lined_2, infiniplex_forest_clump_long,
          infiniplex_forest_lined_3_way, infiniplex_forest_end_1,
          infiniplex_forest_lined_1, infiniplex_forest_end_3,
          minmay_misc_feat_five
D:2:      layout_basic
D:3:      layout_rooms, lemuel_tele_altar,
          hellmonk_ecumenical_altar_watching_god, serial_park_tiny_1
D:4:      layout_gridville, mainiacjoe_overflow_catwalk_spiral, serial_glass,
          glass_columns_a, glass_columns_a, glass_columns_b, glass_columns_b,
          glass_columns_c, portal_sewer_entry_b, glass_columns_b, uniq_eustachio

Skill      XL: |  1  2  3  4  5  6 |
---------------+-------------------+-----
Fighting       | 1 2 3 |  3.0
Dodging        | 2 |  2.9
Earth Magic    | 5 6 |  6.0
Spellcasting   | 3 |  3.9
Stealth        | |  2.1
Transmutations | |  0.7

Action                   |  1- 3 |  4- 6 || total
-------------------------+-------+-------++-------
Melee: Unarmed           |     6 |       ||     6
       Falchion          |       |    53 ||    53
 Fire: Hunting sling     |    19 |    25 ||    44
 Cast: Sandblast         |    36 |    74 ||   110
  Use: Scroll            |       |    10 ||    10
       Potion            |       |     1 ||     1
 Stab: Sleeping          |     1 |       ||     1
Armor: Robe              |    11 |    44 ||    55
Dodge: Dodged            |     9 |    76 ||    85

Table legend: (Time is in decaauts)
 A = Elapsed time spent in this place.
 B = Non-inter-level travel time spent in this place.
 C = Inter-level travel time spent in this place.
 D = Time resting spent in this place.
 E = Time spent auto-exploring this place.
 F = Levels seen in this place.
 G = Mean time per level.
                   A        B        C        D        E       F      G
               +--------+--------+--------+--------+--------+-----+--------+
         Total |   4326 |   3994 |    332 |      0 |   3347 |   5 |  865.2 |
       Dungeon |   3468 |   3136 |    332 |      0 |   2687 |   4 |  867.0 |
         Sewer |    858 |    858 |      0 |      0 |    660 |   1 |  858.0 |
               +--------+--------+--------+--------+--------+-----+--------+

Top non-repeatable levels by time:
     D:1: 1338 daAuts
     D:3: 861 daAuts
   Sewer: 858 daAuts
     D:2: 748 daAuts
     D:4: 519 daAuts
